Penguins vs Wolfpack
Created - May 8, 2021 at 20:44
Goals
|
Penguins |
3 |
1 |
0 |
1 |
5 |
Wolfpack |
2 |
0 |
2 |
0 |
4 |
|
Shots
|
Penguins |
12 |
6 |
13 |
1 |
32 |
Wolfpack |
24 |
8 |
16 |
0 |
48 |
|
1st period
1. Wolfpack , Artem Anisimov 49 (Richard Panik 74, Seth Griffith 50) at 10:40
2. Penguins , Curtis Hamilton 14 (Josh Jooris 41, Max Gortz 9) at 14:18
3. Penguins , Iven Barbashev 14 (Craig Smith 54) at 15:29 (PP)
4. Penguins , Jordan Schmaltz 6 (Nick Schmaltz 20) at 16:24
5. Wolfpack , Artem Anisimov 50 (Dave Dziurzynski 52, Richard Panik 75) at 18:12
Penalties :
Connor Chatam (Wol) for Holding (Minor) at 15:26
2nd period
6. Penguins , Craig Smith 36 (Iven Barbashev 26) at 4:44 (PP)
Penalties :
Dave Dziurzynski (Wol) for Elbowing (Minor) at 0:21, Dave Dziurzynski (Wol) for Hooking (Minor) at 4:42, Andy Andreoff (Wil) for Holding Stick (Minor) at 17:44
3rd period
7. Wolfpack , David Pope 23 (Kevin Roy 20, Steven Santini 15) at 9:15
8. Wolfpack , Phillip Danault 11 (Seth Griffith 51, Derrick Pouliot 16) at 12:43
Penalties :
Connor Chatam (Wol) for Hooking (Minor) at 2:08, Dave Dziurzynski (Wol) for Hooking (Minor) at 7:05
Overtime #1
9. Penguins , Will Butcher 19 (Craig Smith 55) at 0:04
Penalties :
No Penalty
Goalie Stats
Jason Missiaen (Wil), 44 saves from 48 shots - (0.917), W, 5-6-0, 60:04 minutes
Samuel Montembeault (Wol), 10 saves from 14 shots - (0.714), 24:44 minutes
Jordan Binnington (Wol), 17 saves from 18 shots - (0.944), OTL, 13-18-4, 35:20 minutes
Players Stats for Penguins
Player Name G A P +/- PIM S H SB GA TA FO MP PP MP PK MP
------------------------------------------------------------------------------------
Andrew O'Brien 0 0 0 0 0 1 0 1 0 0 0/0 9:46 0:00 0:00
Andy Andreoff 0 0 0 -1 2 2 3 0 0 0 0/0 21:18 3:17 0:00
Anthony Beauvillier 0 0 0 0 0 4 2 1 0 0 1/1 14:28 0:00 0:33
Brett Pollock 0 0 0 0 0 1 0 0 0 0 0/0 1:14 0:00 0:00
Craig Smith 1 2 3 0 0 5 1 0 0 1 3/9 25:10 3:17 0:57
Curtis Hamilton 1 0 1 -1 0 2 2 2 0 0 1/2 18:34 2:45 0:00
Dakota Mermis 0 0 0 0 0 1 0 0 0 0 0/0 5:42 0:00 0:00
Danny Biega 0 0 0 0 0 1 0 0 0 0 0/0 9:46 0:00 0:00
Iven Barbashev 1 1 2 -1 0 3 2 0 0 0 14/36 21:45 3:17 0:27
Jordan Schmaltz 1 0 1 0 0 3 1 1 0 1 0/0 18:35 1:51 0:46
Josh Ho-Sang 0 0 0 0 0 0 0 0 0 0 1/2 2:04 0:00 0:00
Josh Jooris 0 1 1 0 0 2 1 0 3 0 0/0 19:35 2:45 0:57
Kurt Sauer 0 0 0 -1 0 0 0 2 0 1 0/0 26:01 4:11 1:13
Matthew Finn 0 0 0 0 0 0 0 1 0 1 0/0 5:42 0:00 0:00
Max Gortz 0 1 1 -1 0 0 0 1 0 1 4/12 21:02 2:45 0:00
Nick Schmaltz 0 1 1 0 0 1 1 0 3 0 0/1 14:23 0:00 0:29
Raphael Bussieres 0 0 0 0 0 0 0 0 0 0 1/1 3:25 0:00 0:00
Sam Kurker 0 0 0 0 0 2 2 1 0 2 5/12 13:54 0:00 0:00
Scott Mayfield 0 0 0 0 0 1 0 1 0 0 0/0 18:35 1:51 0:46
Steven Spinner 0 0 0 0 0 0 0 0 0 0 0/0 1:16 0:00 0:35
Will Butcher 1 0 1 -1 0 3 0 2 1 1 0/0 26:01 4:11 1:13
Players Stats for Wolfpack
Player Name G A P +/- PIM S H SB GA TA FO MP PP MP PK MP
------------------------------------------------------------------------------------
Artem Anisimov 2 0 2 2 0 2 1 0 1 1 21/34 23:24 1:01 3:09
Colton White 0 0 0 1 0 0 0 0 0 1 0/0 19:24 0:42 2:13
Connor Chatam 0 0 0 1 4 2 0 0 0 0 0/0 8:02 0:00 0:00
Dave Dziurzynski 0 1 1 2 6 5 3 0 0 0 1/2 20:55 1:01 0:27
David Pope 1 0 1 1 0 6 0 0 0 0 0/0 7:45 0:00 0:00
Derrick Pouliot 0 1 1 1 0 3 1 0 0 1 0/0 28:44 1:17 3:49
Henrik Samuelsson 0 0 0 -2 0 2 2 0 2 0 9/15 15:29 0:58 0:45
Joshua Jacobs 0 0 0 -1 0 0 1 1 0 0 0/0 11:56 0:00 0:00
Kevin Roy 0 1 1 1 0 1 1 0 1 0 2/5 7:45 0:00 0:00
Morgan Ellis 0 0 0 1 0 2 2 1 0 1 0/0 28:44 1:17 3:49
Phillip Danault 1 0 1 1 0 3 1 0 0 0 2/3 12:38 0:00 1:23
Richard Panik 0 2 2 1 0 9 1 1 2 1 6/9 23:28 1:01 3:09
Samuel Blais 0 0 0 -3 0 4 1 0 0 0 0/0 14:47 0:58 0:00
Sebastian Collberg 0 0 0 1 0 2 0 1 0 0 0/0 12:55 0:00 1:41
Seth Griffith 0 2 2 1 0 1 2 0 2 0 5/7 10:40 0:00 0:00
Stefan Noesen 0 0 0 -2 0 5 0 0 0 1 0/1 16:13 0:58 1:30
Steven Santini 0 1 1 1 0 1 1 1 0 1 0/0 19:24 0:42 2:13
Will Borgen 0 0 0 -1 0 0 0 0 0 0 0/0 11:56 0:00 0:00
3 Stars
1 - Artem Anisimov (Wol)
2 - Craig Smith (Wil)
3 - Iven Barbashev (Wil)
Power Play
Penguins - 2 on 5 Attempt(s) - 40.00%
Wolfpack - 0 on 1 Attempt(s) - 0.00%
Penalty Kill
Penguins - 1 on 1 Attempt(s) - 100.00%
- Score 0 goal in Penalty Kill
Wolfpack - 3 on 5 Attempt(s) - 60.00%
- Score 0 goal in Penalty Kill
Team Stat
Penguins - Hits : 15 - Faceoff Wins : 30 - Blocked Shots : 13 - Penalty Minutes : 2
Wolfpack - Hits : 17 - Faceoff Wins : 46 - Blocked Shots : 5 - Penalty Minutes : 10
Official
Referees : Unknown
Linesman : Unknown
Game Notes
Jordan Binnington enters game at 4:44 of 2nd period
Finance
Level 1 -- Attendance: 1300 (65.00%) -- Ticket Income $52,000
Level 2 -- Attendance: 646 (64.60%) -- Ticket Income $12,920
Total Attendance: 1946 (64.87%)
Total Ticket Income: $64,920
Other Income: $3,246
Total Income: $68,166
Penguins
5 vs 5 Forward
Center Left Wing Right Wing Time % Phy DF OF
1 Iven Barbashev Andy Andreoff Craig Smith 40 1 2 2
2 Max Gortz Curtis Hamilton Josh Jooris 30 1 2 2
3 Sam Kurker Anthony Beauvillier Nick Schmaltz 20 1 2 2
4 Craig Smith Raphael Bussieres Max Gortz 10 1 2 2
5 vs 5 Defense
Defense Defense Time % Phy DF OF
1 Kurt Sauer Will Butcher 40 1 2 2
2 Scott Mayfield Jordan Schmaltz 30 1 2 2
3 Andrew O'Brien Danny Biega 20 1 2 2
4 Dakota Mermis Matthew Finn 10 1 2 2
PowerPlay Forward
Center Left Wing Right Wing Time % Phy DF OF
1 Iven Barbashev Andy Andreoff Craig Smith 60 1 2 2
2 Max Gortz Curtis Hamilton Josh Jooris 40 1 2 2
PowerPlay Defense
Defense Defense Time % Phy DF OF
1 Kurt Sauer Will Butcher 60 1 2 2
2 Scott Mayfield Jordan Schmaltz 40 1 2 2
Penalty Kill 4 Players Forward
Center Wing Time % Phy DF OF
1 Craig Smith Josh Jooris 60 1 2 2
2 Andy Andreoff Nick Schmaltz 40 1 2 2
Penalty Kill 4 Players Defense
Defense Defense Time % Phy DF OF
1 Kurt Sauer Will Butcher 60 1 2 2
2 Scott Mayfield Jordan Schmaltz 40 1 2 2
Penalty Kill - 3 Players Forward
Forward Time % Phy DF OF
1 Craig Smith 60 1 2 2
2 Josh Jooris 40 1 2 2
Penalty Kill - 3 Players Defense
Defense Defense Time % Phy DF OF
1 Kurt Sauer Will Butcher 60 1 2 2
2 Scott Mayfield Jordan Schmaltz 40 1 2 2
4 vs 4 Forward
Center Wing Time % Phy DF OF
1 Craig Smith Josh Jooris 60 1 2 2
2 Andy Andreoff Nick Schmaltz 40 1 2 2
4 vs 4 Defense
Defense Defense Time % Phy DF OF
1 Kurt Sauer Will Butcher 60 1 2 2
2 Scott Mayfield Jordan Schmaltz 40 1 2 2
Last Minutes Offensive
Center Left Wing Right Wing Defense Defense
Iven Barbashev Andy Andreoff Craig Smith Kurt Sauer Will Butcher
Last Minutes Defensive
Center Left Wing Right Wing Defense Defense
Iven Barbashev Andy Andreoff Craig Smith Kurt Sauer Will Butcher
Goaltenders
Starting : Jason Missiaen
Backup : Connor Hellebyuk
Extra Forwards
Normal : Josh Ho-Sang, Brett Pollock, Steven Spinner - PP : Josh Ho-Sang, Brett Pollock - PK : Steven Spinner
Extra Defensemen
Normal : Andrew O'Brien, Danny Biega, Dakota Mermis - PP : Andrew O'Brien - PK : Danny Biega, Dakota Mermis
Penalty Shots
Craig Smith, Josh Jooris, Andy Andreoff, Nick Schmaltz, Iven Barbashev
Scratches
Antti Suomela (Right Leg Injury), Melker Karlsson (Sprained Right Knee Injury), Denis Malgin (Torn Left MCL Injury), Chrstian Dvorak (Strained Left Elbow Injury), Anthony Stolarz (Healthy)
Wolfpack
5 vs 5 Forward
Center Left Wing Right Wing Time % Phy DF OF
1 Artem Anisimov Dave Dziurzynski Richard Panik 40 1 2 2
2 Henrik Samuelsson Samuel Blais Stefan Noesen 30 1 2 2
3 Seth Griffith Phillip Danault Sebastian Collberg 20 1 2 2
4 Kevin Roy David Pope Connor Chatam 10 1 2 2
5 vs 5 Defense
Defense Defense Time % Phy DF OF
1 Morgan Ellis Derrick Pouliot 40 1 2 2
2 Steven Santini Colton White 30 1 2 2
3 Will Borgen Joshua Jacobs 20 1 2 2
4 Morgan Ellis Derrick Pouliot 10 1 2 2
PowerPlay Forward
Center Left Wing Right Wing Time % Phy DF OF
1 Artem Anisimov Dave Dziurzynski Richard Panik 60 1 2 2
2 Henrik Samuelsson Samuel Blais Stefan Noesen 40 1 2 2
PowerPlay Defense
Defense Defense Time % Phy DF OF
1 Morgan Ellis Derrick Pouliot 60 1 2 2
2 Steven Santini Colton White 40 1 2 2
Penalty Kill 4 Players Forward
Center Wing Time % Phy DF OF
1 Richard Panik Artem Anisimov 60 1 2 2
2 Dave Dziurzynski Stefan Noesen 40 1 2 2
Penalty Kill 4 Players Defense
Defense Defense Time % Phy DF OF
1 Morgan Ellis Derrick Pouliot 60 1 2 2
2 Steven Santini Colton White 40 1 2 2
Penalty Kill - 3 Players Forward
Forward Time % Phy DF OF
1 Richard Panik 60 1 2 2
2 Artem Anisimov 40 1 2 2
Penalty Kill - 3 Players Defense
Defense Defense Time % Phy DF OF
1 Morgan Ellis Derrick Pouliot 60 1 2 2
2 Steven Santini Colton White 40 1 2 2
4 vs 4 Forward
Center Wing Time % Phy DF OF
1 Richard Panik Samuel Blais 60 1 2 2
2 Dave Dziurzynski Artem Anisimov 40 1 2 2
4 vs 4 Defense
Defense Defense Time % Phy DF OF
1 Morgan Ellis Derrick Pouliot 60 1 2 2
2 Steven Santini Colton White 40 1 2 2
Last Minutes Offensive
Center Left Wing Right Wing Defense Defense
Artem Anisimov Dave Dziurzynski Richard Panik Morgan Ellis Derrick Pouliot
Last Minutes Defensive
Center Left Wing Right Wing Defense Defense
Artem Anisimov Dave Dziurzynski Richard Panik Morgan Ellis Derrick Pouliot
Goaltenders
Starting : Samuel Montembeault
Backup : Jordan Binnington
Extra Forwards
Normal : Seth Griffith, Phillip Danault, Sebastian Collberg - PP : Seth Griffith, Phillip Danault - PK : Sebastian Collberg
Extra Defensemen
Normal : Will Borgen, Joshua Jacobs, Steven Santini - PP : Will Borgen - PK : Joshua Jacobs, Steven Santini
Penalty Shots
Richard Panik, Artem Anisimov, Dave Dziurzynski, Stefan Noesen, Henrik Samuelsson
Scratches
Vince Dunn (Right Leg Injury), Dryden Hunt (Healthy), Brett Ponich (Bruised Right Foot Injury), Joel Kiviranta (Healthy), Mikhail Vorobyev (Healthy)
Ryan Culkin (Healthy), Keegan Kolesar (Healthy), Adam Lowry (Healthy), Jacob Middleton (Healthy), Jake Marchment (Healthy)
Harru Sateri (Healthy)
% Time on Ice - Penguins
Lines # - Real PCT - Wanted PCT - Time Play
Normal Forward
1 - 36% - 40% - 18:31
2 - 31% - 30% - 16:09
3 - 27% - 20% - 13:54
4 - 7% - 10% - 3:25
Normal Defense
1 - 40% - 40% - 20:33
2 - 31% - 30% - 15:58
3 - 19% - 20% - 9:46
4 - 11% - 10% - 5:42
PP Forward
1 - 54% - 60% - 3:17
2 - 46% - 40% - 2:45
PP Defense
1 - 69% - 60% - 4:11
2 - 31% - 40% - 1:51
PK Forward
1 - 76% - 60% - 1:30
2 - 24% - 40% - 0:29
PK Defense
1 - 61% - 60% - 1:13
2 - 39% - 40% - 0:46
PK3 Forward
1 - 0% - 60%
2 - 0% - 40%
PK3 Defense
1 - 0% - 60%
2 - 0% - 40%
44 Forward
1 - 100% - 60% - 0:04
2 - 0% - 40% - 0:00
44 Defense
1 - 100% - 60% - 0:04
2 - 0% - 40% - 0:00
Last Minute Offensive - 0:00
Last Minute Defensive - 0:00
Total
Forward - 60:04
Defense - 60:04
|
% Time on Ice - Wolfpack
Lines # - Real PCT - Wanted PCT - Time Play
Normal Forward
1 - 38% - 40% - 19:53
2 - 26% - 30% - 13:45
3 - 20% - 20% - 10:36
4 - 15% - 10% - 7:45
Normal Defense
1 - 39% - 40% - 20:30
2 - 32% - 30% - 16:29
3 - 23% - 20% - 11:56
4 - 6% - 10% - 3:04
PP Forward
1 - 51% - 60% - 1:01
2 - 49% - 40% - 0:58
PP Defense
1 - 65% - 60% - 1:17
2 - 35% - 40% - 0:42
PK Forward
1 - 75% - 60% - 4:32
2 - 25% - 40% - 1:30
PK Defense
1 - 63% - 60% - 3:49
2 - 37% - 40% - 2:13
PK3 Forward
1 - 0% - 60%
2 - 0% - 40%
PK3 Defense
1 - 0% - 60%
2 - 0% - 40%
44 Forward
1 - 100% - 60% - 0:04
2 - 0% - 40% - 0:00
44 Defense
1 - 100% - 60% - 0:04
2 - 0% - 40% - 0:00
Last Minute Offensive - 0:00
Last Minute Defensive - 0:00
Total
Forward - 60:04
Defense - 60:04
|
Play-by-Play
1st period
0:01 of 1st period - Iven Barbashev wins face-off versus Artem Anisimov in neutral zone.
0:03 of 1st period - Off-side.
0:04 of 1st period - Iven Barbashev wins face-off versus Artem Anisimov in neutral zone.
0:06 of 1st period - Off-side.
0:07 of 1st period - Artem Anisimov wins face-off versus Craig Smith in neutral zone.
0:34 of 1st period - Will Butcher is hit by Henrik Samuelsson and loses puck.
1:07 of 1st period - Snap shot by David Pope.
1:07 of 1st period - Stopped by Jason Missiaen without a rebound.
1:08 of 1st period - Phillip Danault wins face-off versus Sam Kurker in Penguins zone.
1:13 of 1st period - Wrist shot by Sebastian Collberg.
1:13 of 1st period - Stopped by Jason Missiaen with a rebound.
1:19 of 1st period - Wrist shot by Jordan Schmaltz.
1:19 of 1st period - Stopped by Samuel Montembeault without a rebound.
1:20 of 1st period - Dave Dziurzynski wins face-off versus Iven Barbashev in Wolfpack zone.
2:08 of 1st period - Josh Jooris is hit by Seth Griffith and loses puck.
3:04 of 1st period - Snap shot by Stefan Noesen.
3:04 of 1st period - Deflect By Henrik Samuelsson.
3:04 of 1st period - Shot Blocked by Matthew Finn.
3:04 of 1st period - Puck is out of play.
3:05 of 1st period - Max Gortz wins face-off versus Artem Anisimov in Penguins zone.
3:17 of 1st period - Artem Anisimov is hit by Curtis Hamilton and loses puck.
4:33 of 1st period - Jordan Schmaltz is hit by Joshua Jacobs and loses puck.
5:16 of 1st period - Wrist shot by Will Butcher.
5:16 of 1st period - Stopped by Samuel Montembeault without a rebound.
5:17 of 1st period - Max Gortz wins face-off versus Kevin Roy in Wolfpack zone.
5:26 of 1st period - Wrist shot by Josh Jooris.
5:26 of 1st period - Shot Misses the Net.
5:28 of 1st period - Snap shot by Josh Jooris.
5:28 of 1st period - Stopped by Samuel Montembeault with a rebound.
5:32 of 1st period - Wrist shot by Curtis Hamilton.
5:32 of 1st period - Shot Misses the Net.
7:36 of 1st period - Anthony Beauvillier is hit by Morgan Ellis and loses puck.
8:00 of 1st period - Dakota Mermis is hit by Richard Panik and loses puck.
8:46 of 1st period - Wrist shot by David Pope.
8:46 of 1st period - Stopped by Jason Missiaen without a rebound.
8:47 of 1st period - Josh Ho-Sang wins face-off versus Kevin Roy in Penguins zone.
9:10 of 1st period - Steven Santini is hit by Craig Smith and loses puck.
9:21 of 1st period - Snap shot by David Pope.
9:21 of 1st period - Stopped by Jason Missiaen with a rebound.
9:27 of 1st period - Wrist shot by Kevin Roy.
9:27 of 1st period - Stopped by Jason Missiaen with a rebound.
9:29 of 1st period - Snap shot by Connor Chatam.
9:29 of 1st period - Deflect By David Pope.
9:29 of 1st period - Stopped by Jason Missiaen with a rebound.
9:31 of 1st period - Snap shot by David Pope.
9:31 of 1st period - Shot Misses the Net.
9:33 of 1st period - Wrist shot by Kevin Roy.
9:33 of 1st period - Shot Misses the Net.
9:35 of 1st period - Slapshot by Derrick Pouliot.
9:35 of 1st period - Deflect By Craig Smith.
9:35 of 1st period - Stopped by Jason Missiaen without a rebound.
9:36 of 1st period - Curtis Hamilton wins face-off versus Artem Anisimov in Penguins zone.
9:43 of 1st period - Wrist shot by Richard Panik.
9:43 of 1st period - Shot Misses the Net.
9:45 of 1st period - Snap shot by Dave Dziurzynski.
9:45 of 1st period - Shot Misses the Net.
9:47 of 1st period - Wrist shot by Morgan Ellis.
9:47 of 1st period - Stopped by Jason Missiaen with a rebound.
9:49 of 1st period - Slapshot by Artem Anisimov.
9:49 of 1st period - Shot Blocked by Will Butcher.
9:51 of 1st period - Wrist shot by Richard Panik.
9:51 of 1st period - Shot Misses the Net.
10:01 of 1st period - Steven Santini is hit by Sam Kurker and loses puck.
10:08 of 1st period - Snap shot by Anthony Beauvillier.
10:08 of 1st period - Shot Misses the Net.
10:38 of 1st period - Snap shot by Seth Griffith.
10:38 of 1st period - Deflect By Richard Panik.
10:38 of 1st period - Stopped by Jason Missiaen with a rebound.
10:40 of 1st period - Snap shot by Artem Anisimov.
10:40 of 1st period - Goal by Artem Anisimov - Penguins : 0 - Wolfpack : 1.
10:41 of 1st period - Artem Anisimov wins face-off versus Iven Barbashev in neutral zone.
11:06 of 1st period - Max Gortz is hit by Henrik Samuelsson.
11:09 of 1st period - Off-side.
11:10 of 1st period - Henrik Samuelsson wins face-off versus Max Gortz in neutral zone.
11:21 of 1st period - Slapshot by Stefan Noesen.
11:21 of 1st period - Stopped by Jason Missiaen without a rebound.
11:22 of 1st period - Artem Anisimov wins face-off versus Iven Barbashev in Penguins zone.
11:35 of 1st period - Wrist shot by Craig Smith.
11:35 of 1st period - Shot Misses the Net.
11:49 of 1st period - Will Butcher is hit by Morgan Ellis and loses puck.
12:18 of 1st period - Snap shot by Seth Griffith.
12:18 of 1st period - Stopped by Jason Missiaen with a rebound.
12:32 of 1st period - Jordan Schmaltz is hit by Kevin Roy and loses puck.
12:38 of 1st period - Off-side.
12:39 of 1st period - Artem Anisimov wins face-off versus Craig Smith in neutral zone.
12:47 of 1st period - Slapshot by Max Gortz.
12:47 of 1st period - Deflect By Raphael Bussieres.
12:47 of 1st period - Shot Misses the Net.
12:47 of 1st period - Puck is out of play.
12:48 of 1st period - Raphael Bussieres wins face-off versus Artem Anisimov in Wolfpack zone.
13:13 of 1st period - Snap shot by Dave Dziurzynski.
13:13 of 1st period - Stopped by Jason Missiaen with a rebound.
13:15 of 1st period - Slapshot by Joshua Jacobs.
13:15 of 1st period - Deflect By Artem Anisimov.
13:15 of 1st period - Shot Blocked by Max Gortz.
13:15 of 1st period - Puck is out of play.
13:16 of 1st period - Henrik Samuelsson wins face-off versus Sam Kurker in Penguins zone.
13:17 of 1st period - Snap shot by Samuel Blais.
13:17 of 1st period - Stopped by Jason Missiaen with a rebound.
13:25 of 1st period - Wrist shot by Sam Kurker.
13:25 of 1st period - Stopped by Samuel Montembeault with a rebound.
13:27 of 1st period - Slapshot by Andrew O'Brien.
13:27 of 1st period - Shot Misses the Net.
13:29 of 1st period - Wrist shot by Sam Kurker.
13:29 of 1st period - Shot Misses the Net.
13:58 of 1st period - Snap shot by Stefan Noesen.
13:58 of 1st period - Stopped by Jason Missiaen with a rebound.
14:00 of 1st period - Slapshot by Henrik Samuelsson.
14:00 of 1st period - Stopped by Jason Missiaen with a rebound.
14:06 of 1st period - Wrist shot by Stefan Noesen.
14:06 of 1st period - Stopped by Jason Missiaen with a rebound.
14:18 of 1st period - Slapshot by Curtis Hamilton.
14:18 of 1st period - Goal by Curtis Hamilton - Penguins : 1 - Wolfpack : 1.
14:19 of 1st period - Artem Anisimov wins face-off versus Iven Barbashev in neutral zone.
14:32 of 1st period - Slapshot by Richard Panik.
14:32 of 1st period - Stopped by Jason Missiaen with a rebound.
14:49 of 1st period - Morgan Ellis is hit by Anthony Beauvillier.
15:15 of 1st period - Snap shot by Curtis Hamilton.
15:15 of 1st period - Stopped by Samuel Montembeault with a rebound.
15:26 of 1st period - Minor Penalty to Connor Chatam for Holding.
15:27 of 1st period - Iven Barbashev wins face-off versus Richard Panik in Wolfpack zone.
15:29 of 1st period - Snap shot by Iven Barbashev.
15:29 of 1st period - Goal by Iven Barbashev - Penguins : 2 - Wolfpack : 1.
15:30 of 1st period - Iven Barbashev wins face-off versus Artem Anisimov in neutral zone.
16:24 of 1st period - Slapshot by Jordan Schmaltz.
16:24 of 1st period - Goal by Jordan Schmaltz - Penguins : 3 - Wolfpack : 1.
16:25 of 1st period - Iven Barbashev wins face-off versus Artem Anisimov in neutral zone.
16:40 of 1st period - Slapshot by Morgan Ellis.
16:40 of 1st period - Stopped by Jason Missiaen without a rebound.
16:41 of 1st period - Seth Griffith wins face-off versus Craig Smith in Penguins zone.
17:25 of 1st period - Off-side.
17:26 of 1st period - Iven Barbashev wins face-off versus Henrik Samuelsson in neutral zone.
17:33 of 1st period - Snap shot by Craig Smith.
17:33 of 1st period - Stopped by Samuel Montembeault without a rebound.
17:34 of 1st period - Richard Panik wins face-off versus Iven Barbashev in Wolfpack zone.
17:34 of 1st period - Richard Panik is hit by Iven Barbashev.
17:41 of 1st period - Icing by Artem Anisimov.
17:42 of 1st period - Artem Anisimov wins face-off versus Iven Barbashev in Wolfpack zone.
17:51 of 1st period - Wrist shot by Dave Dziurzynski.
17:51 of 1st period - Stopped by Jason Missiaen with a rebound.
17:53 of 1st period - Snap shot by Richard Panik.
17:53 of 1st period - Deflect By Dave Dziurzynski.
17:53 of 1st period - Shot Blocked by Jordan Schmaltz.
17:53 of 1st period - Puck is out of play.
17:54 of 1st period - Artem Anisimov wins face-off versus Iven Barbashev in Penguins zone.
18:04 of 1st period - Snap shot by Richard Panik.
18:04 of 1st period - Stopped by Jason Missiaen without a rebound.
18:05 of 1st period - Iven Barbashev wins face-off versus Artem Anisimov in Penguins zone.
18:12 of 1st period - Snap shot by Artem Anisimov.
18:12 of 1st period - Goal by Artem Anisimov - Penguins : 3 - Wolfpack : 2.
18:13 of 1st period - Artem Anisimov wins face-off versus Iven Barbashev in neutral zone.
18:49 of 1st period - Wrist shot by Stefan Noesen.
18:49 of 1st period - Shot Misses the Net.
19:01 of 1st period - Snap shot by Seth Griffith.
19:01 of 1st period - Deflect By Phillip Danault.
19:01 of 1st period - Stopped by Jason Missiaen without a rebound.
19:02 of 1st period - Seth Griffith wins face-off versus Sam Kurker in Penguins zone.
19:13 of 1st period - Wrist shot by Anthony Beauvillier.
19:13 of 1st period - Stopped by Samuel Montembeault with a rebound.
19:15 of 1st period - Wrist shot by Anthony Beauvillier.
19:15 of 1st period - Stopped by Samuel Montembeault with a rebound.
19:17 of 1st period - Backhand shot by Anthony Beauvillier.
19:17 of 1st period - Stopped by Samuel Montembeault with a rebound.
19:49 of 1st period - Icing by Henrik Samuelsson.
19:50 of 1st period - Henrik Samuelsson wins face-off versus Max Gortz in Wolfpack zone.
19:59 of 1st period - Slapshot by Stefan Noesen.
19:59 of 1st period - Stopped by Jason Missiaen with a rebound.
Goals for this period are 3 for Penguins vs 2 for Wolfpack.
Shots for this period are 12 for Penguins vs 24 for Wolfpack.
2nd period
0:01 of 2nd period - Artem Anisimov wins face-off versus Iven Barbashev in neutral zone.
0:21 of 2nd period - Minor Penalty to Dave Dziurzynski for Elbowing.
0:22 of 2nd period - Richard Panik wins face-off versus Iven Barbashev in Wolfpack zone.
2:11 of 2nd period - Phillip Danault is hit by Curtis Hamilton and loses puck.
2:21 of 2nd period - Penalty to Dave Dziurzynski is over, Dave Dziurzynski is back on ice.
2:34 of 2nd period - Wrist shot by Anthony Beauvillier.
2:34 of 2nd period - Shot Blocked by Morgan Ellis.
2:36 of 2nd period - Backhand shot by Anthony Beauvillier.
2:36 of 2nd period - Shot Misses the Net.
2:38 of 2nd period - Slapshot by Dakota Mermis.
2:38 of 2nd period - Stopped by Samuel Montembeault without a rebound.
2:39 of 2nd period - Henrik Samuelsson wins face-off versus Sam Kurker in Wolfpack zone.
2:50 of 2nd period - Slapshot by Stefan Noesen.
2:50 of 2nd period - Shot Misses the Net.
2:52 of 2nd period - Slapshot by Henrik Samuelsson.
2:52 of 2nd period - Stopped by Jason Missiaen with a rebound.
2:54 of 2nd period - Wrist shot by Samuel Blais.
2:54 of 2nd period - Stopped by Jason Missiaen without a rebound.
2:55 of 2nd period - Seth Griffith wins face-off versus Iven Barbashev in Penguins zone.
2:59 of 2nd period - Icing by Craig Smith.
3:00 of 2nd period - Seth Griffith wins face-off versus Iven Barbashev in Penguins zone.
3:10 of 2nd period - Off-side.
3:11 of 2nd period - Artem Anisimov wins face-off versus Iven Barbashev in neutral zone.
3:24 of 2nd period - Slapshot by Dave Dziurzynski.
3:24 of 2nd period - Stopped by Jason Missiaen without a rebound.
3:25 of 2nd period - Henrik Samuelsson wins face-off versus Craig Smith in Penguins zone.
3:30 of 2nd period - Snap shot by Stefan Noesen.
3:30 of 2nd period - Shot Hit the Post.
3:32 of 2nd period - Snap shot by Stefan Noesen.
3:32 of 2nd period - Shot Misses the Net.
3:34 of 2nd period - Wrist shot by Derrick Pouliot.
3:34 of 2nd period - Stopped by Jason Missiaen with a rebound.
3:36 of 2nd period - Wrist shot by Derrick Pouliot.
3:36 of 2nd period - Stopped by Jason Missiaen with a rebound.
3:38 of 2nd period - Snap shot by Morgan Ellis.
3:38 of 2nd period - Shot Blocked by Will Butcher.
3:40 of 2nd period - Wrist shot by Stefan Noesen.
3:40 of 2nd period - Shot Blocked by Kurt Sauer.
4:33 of 2nd period - Wrist shot by Kevin Roy.
4:33 of 2nd period - Shot Blocked by Curtis Hamilton.
4:35 of 2nd period - Slapshot by Connor Chatam.
4:35 of 2nd period - Stopped by Jason Missiaen without a rebound.
4:36 of 2nd period - Sam Kurker wins face-off versus Artem Anisimov in Penguins zone.
4:42 of 2nd period - Minor Penalty to Dave Dziurzynski for Hooking.
4:43 of 2nd period - Iven Barbashev wins face-off versus Richard Panik in Wolfpack zone.
4:44 of 2nd period - Wrist shot by Craig Smith.
4:44 of 2nd period - Goal by Craig Smith - Penguins : 4 - Wolfpack : 2.
4:44 of 2nd period - Jordan Binnington enters game.
4:45 of 2nd period - Artem Anisimov wins face-off versus Iven Barbashev in neutral zone.
5:22 of 2nd period - Off-side.
5:23 of 2nd period - Sam Kurker wins face-off versus Stefan Noesen in neutral zone.
5:32 of 2nd period - Wrist shot by Nick Schmaltz.
5:32 of 2nd period - Shot Blocked by Joshua Jacobs.
5:34 of 2nd period - Snap shot by Anthony Beauvillier.
5:34 of 2nd period - Stopped by Jordan Binnington without a rebound.
5:35 of 2nd period - Iven Barbashev wins face-off versus Artem Anisimov in Wolfpack zone.
5:38 of 2nd period - Slapshot by Will Butcher.
5:38 of 2nd period - Shot Misses the Net.
7:18 of 2nd period - Wrist shot by Nick Schmaltz.
7:18 of 2nd period - Deflect By Anthony Beauvillier.
7:18 of 2nd period - Shot Misses the Net.
7:18 of 2nd period - Puck is out of play.
7:19 of 2nd period - Anthony Beauvillier wins face-off versus Henrik Samuelsson in Wolfpack zone.
7:22 of 2nd period - Snap shot by Sam Kurker.
7:22 of 2nd period - Deflect By Nick Schmaltz.
7:22 of 2nd period - Shot Misses the Net.
7:22 of 2nd period - Puck is out of play.
7:23 of 2nd period - Sam Kurker wins face-off versus Artem Anisimov in Wolfpack zone.
7:36 of 2nd period - Wrist shot by Artem Anisimov.
7:36 of 2nd period - Shot Blocked by Sam Kurker.
8:28 of 2nd period - Snap shot by Craig Smith.
8:28 of 2nd period - Stopped by Jordan Binnington without a rebound.
8:29 of 2nd period - Craig Smith wins face-off versus Kevin Roy in Wolfpack zone.
8:34 of 2nd period - Snap shot by Max Gortz.
8:34 of 2nd period - Shot Misses the Net.
8:37 of 2nd period - Icing by Joshua Jacobs.
8:38 of 2nd period - Kevin Roy wins face-off versus Max Gortz in Wolfpack zone.
10:49 of 2nd period - Off-side.
10:50 of 2nd period - Iven Barbashev wins face-off versus Henrik Samuelsson in neutral zone.
11:01 of 2nd period - Snap shot by Iven Barbashev.
11:01 of 2nd period - Stopped by Jordan Binnington without a rebound.
11:02 of 2nd period - Iven Barbashev wins face-off versus Henrik Samuelsson in Wolfpack zone.
12:10 of 2nd period - David Pope is hit by Josh Jooris and loses puck.
13:19 of 2nd period - Scott Mayfield is hit by Dave Dziurzynski and loses puck.
14:10 of 2nd period - Snap shot by David Pope.
14:10 of 2nd period - Stopped by Jason Missiaen with a rebound.
14:12 of 2nd period - Wrist shot by Kevin Roy.
14:12 of 2nd period - Shot Blocked by Andrew O'Brien.
14:14 of 2nd period - Slapshot by Derrick Pouliot.
14:14 of 2nd period - Deflect By David Pope.
14:14 of 2nd period - Shot Misses the Net.
14:14 of 2nd period - Puck is out of play.
14:15 of 2nd period - Artem Anisimov wins face-off versus Nick Schmaltz in Penguins zone.
14:18 of 2nd period - Snap shot by Dave Dziurzynski.
14:18 of 2nd period - Deflect By Richard Panik.
14:18 of 2nd period - Shot Misses the Net.
14:18 of 2nd period - Puck is out of play.
14:19 of 2nd period - Artem Anisimov wins face-off versus Sam Kurker in Penguins zone.
14:22 of 2nd period - Snap shot by Richard Panik.
14:22 of 2nd period - Stopped by Jason Missiaen with a rebound.
15:32 of 2nd period - Wrist shot by David Pope.
15:32 of 2nd period - Shot Misses the Net.
15:48 of 2nd period - Samuel Blais is hit by Andy Andreoff and loses puck.
17:08 of 2nd period - Off-side.
17:09 of 2nd period - Max Gortz wins face-off versus Seth Griffith in neutral zone.
17:44 of 2nd period - Minor Penalty to Andy Andreoff for Holding Stick.
17:45 of 2nd period - Craig Smith wins face-off versus Dave Dziurzynski in Penguins zone.
18:19 of 2nd period - Wrist shot by Henrik Samuelsson.
18:19 of 2nd period - Shot Misses the Net.
18:44 of 2nd period - Wrist shot by Nick Schmaltz.
18:44 of 2nd period - Stopped by Jordan Binnington with a rebound.
19:44 of 2nd period - Penalty to Andy Andreoff is over, Andy Andreoff is back on ice.
Goals for this period are 1 for Penguins vs 0 for Wolfpack.
Shots for this period are 6 for Penguins vs 8 for Wolfpack.
3rd period
0:01 of 3rd period - Artem Anisimov wins face-off versus Iven Barbashev in neutral zone.
0:31 of 3rd period - Icing by Derrick Pouliot.
0:32 of 3rd period - Artem Anisimov wins face-off versus Sam Kurker in Wolfpack zone.
0:43 of 3rd period - Sam Kurker is hit by Dave Dziurzynski and loses puck.
0:50 of 3rd period - Wrist shot by Richard Panik.
0:50 of 3rd period - Stopped by Jason Missiaen with a rebound.
0:52 of 3rd period - Wrist shot by Richard Panik.
0:52 of 3rd period - Shot Misses the Net.
0:54 of 3rd period - Slapshot by Artem Anisimov.
0:54 of 3rd period - Shot Misses the Net.
0:56 of 3rd period - Snap shot by Dave Dziurzynski.
0:56 of 3rd period - Stopped by Jason Missiaen with a rebound.
0:58 of 3rd period - Slapshot by Morgan Ellis.
0:58 of 3rd period - Shot Blocked by Anthony Beauvillier.
1:00 of 3rd period - Wrist shot by Richard Panik.
1:00 of 3rd period - Stopped by Jason Missiaen with a rebound.
1:02 of 3rd period - Wrist shot by Richard Panik.
1:02 of 3rd period - Stopped by Jason Missiaen without a rebound.
1:03 of 3rd period - Henrik Samuelsson wins face-off versus Iven Barbashev in Penguins zone.
1:06 of 3rd period - Wrist shot by Henrik Samuelsson.
1:06 of 3rd period - Shot Misses the Net.
1:08 of 3rd period - Slapshot by Samuel Blais.
1:08 of 3rd period - Shot Misses the Net.
1:53 of 3rd period - David Pope is hit by Sam Kurker and loses puck.
2:02 of 3rd period - Slapshot by Scott Mayfield.
2:02 of 3rd period - Deflect By Sam Kurker.
2:02 of 3rd period - Stopped by Jordan Binnington with a rebound.
2:08 of 3rd period - Minor Penalty to Connor Chatam for Hooking.
2:09 of 3rd period - Richard Panik wins face-off versus Iven Barbashev in Wolfpack zone.
3:51 of 3rd period - Phillip Danault is hit by Andy Andreoff and loses puck.
4:01 of 3rd period - Icing by Craig Smith.
4:02 of 3rd period - Iven Barbashev wins face-off versus Phillip Danault in Penguins zone.
4:02 of 3rd period - Iven Barbashev is hit by Phillip Danault.
4:08 of 3rd period - Penalty to Connor Chatam is over, Connor Chatam is back on ice.
4:08 of 3rd period - Slapshot by Steven Santini.
4:08 of 3rd period - Stopped by Jason Missiaen with a rebound.
4:10 of 3rd period - Wrist shot by Phillip Danault.
4:10 of 3rd period - Stopped by Jason Missiaen with a rebound.
4:12 of 3rd period - Backhand shot by Sebastian Collberg.
4:12 of 3rd period - Stopped by Jason Missiaen with a rebound.
4:26 of 3rd period - Wrist shot by Craig Smith.
4:26 of 3rd period - Stopped by Jordan Binnington without a rebound.
4:27 of 3rd period - Artem Anisimov wins face-off versus Max Gortz in Wolfpack zone.
4:40 of 3rd period - Icing by Max Gortz.
4:41 of 3rd period - Henrik Samuelsson wins face-off versus Max Gortz in Penguins zone.
4:50 of 3rd period - Wrist shot by Henrik Samuelsson.
4:50 of 3rd period - Shot Blocked by Curtis Hamilton.
4:52 of 3rd period - Snap shot by Samuel Blais.
4:52 of 3rd period - Stopped by Jason Missiaen without a rebound.
4:53 of 3rd period - Artem Anisimov wins face-off versus Curtis Hamilton in Penguins zone.
4:54 of 3rd period - Wrist shot by Dave Dziurzynski.
4:54 of 3rd period - Stopped by Jason Missiaen without a rebound.
4:55 of 3rd period - Max Gortz wins face-off versus Artem Anisimov in Penguins zone.
5:10 of 3rd period - Wrist shot by Artem Anisimov.
5:10 of 3rd period - Shot Blocked by Kurt Sauer.
5:41 of 3rd period - Slapshot by Jordan Schmaltz.
5:41 of 3rd period - Stopped by Jordan Binnington with a rebound.
6:01 of 3rd period - Wrist shot by Anthony Beauvillier.
6:01 of 3rd period - Deflect By Josh Jooris.
6:01 of 3rd period - Shot Misses the Net.
6:01 of 3rd period - Puck is out of play.
6:02 of 3rd period - Kevin Roy wins face-off versus Max Gortz in Wolfpack zone.
6:27 of 3rd period - Snap shot by David Pope.
6:27 of 3rd period - Shot Misses the Net.
6:29 of 3rd period - Wrist shot by Derrick Pouliot.
6:29 of 3rd period - Shot Misses the Net.
6:31 of 3rd period - Wrist shot by Connor Chatam.
6:31 of 3rd period - Stopped by Jason Missiaen without a rebound.
6:32 of 3rd period - Artem Anisimov wins face-off versus Craig Smith in Penguins zone.
6:35 of 3rd period - Slapshot by Artem Anisimov.
6:35 of 3rd period - Shot Misses the Net.
6:43 of 3rd period - Derrick Pouliot is hit by Jordan Schmaltz and loses puck.
6:55 of 3rd period - Icing by Derrick Pouliot.
6:56 of 3rd period - Sam Kurker wins face-off versus Artem Anisimov in Wolfpack zone.
6:56 of 3rd period - Sam Kurker is hit by Derrick Pouliot.
7:05 of 3rd period - Minor Penalty to Dave Dziurzynski for Hooking.
7:06 of 3rd period - Richard Panik wins face-off versus Iven Barbashev in Wolfpack zone.
7:37 of 3rd period - Icing by Will Butcher.
7:38 of 3rd period - Richard Panik wins face-off versus Max Gortz in Penguins zone.
7:57 of 3rd period - Slapshot by Will Butcher.
7:57 of 3rd period - Shot Blocked by Sebastian Collberg.
9:05 of 3rd period - Penalty to Dave Dziurzynski is over, Dave Dziurzynski is back on ice.
9:13 of 3rd period - Slapshot by Steven Santini.
9:13 of 3rd period - Shot Misses the Net.
9:15 of 3rd period - Wrist shot by Kevin Roy.
9:15 of 3rd period - Deflect By David Pope.
9:15 of 3rd period - Goal by David Pope - Penguins : 4 - Wolfpack : 3.
9:16 of 3rd period - Artem Anisimov wins face-off versus Iven Barbashev in neutral zone.
9:48 of 3rd period - Wrist shot by Richard Panik.
9:48 of 3rd period - Stopped by Jason Missiaen with a rebound.
9:50 of 3rd period - Wrist shot by Richard Panik.
9:50 of 3rd period - Shot Misses the Net.
10:06 of 3rd period - Josh Jooris is hit by Artem Anisimov and loses puck.
10:23 of 3rd period - Slapshot by Andy Andreoff.
10:23 of 3rd period - Stopped by Jordan Binnington with a rebound.
10:25 of 3rd period - Wrist shot by Iven Barbashev.
10:25 of 3rd period - Stopped by Jordan Binnington with a rebound.
10:27 of 3rd period - Snap shot by Andy Andreoff.
10:27 of 3rd period - Stopped by Jordan Binnington without a rebound.
10:28 of 3rd period - Henrik Samuelsson wins face-off versus Iven Barbashev in Wolfpack zone.
10:39 of 3rd period - Wrist shot by Henrik Samuelsson.
10:39 of 3rd period - Deflect By Samuel Blais.
10:39 of 3rd period - Stopped by Jason Missiaen without a rebound.
10:40 of 3rd period - Henrik Samuelsson wins face-off versus Max Gortz in Penguins zone.
11:32 of 3rd period - Snap shot by Josh Jooris.
11:32 of 3rd period - Stopped by Jordan Binnington with a rebound.
11:34 of 3rd period - Slapshot by Max Gortz.
11:34 of 3rd period - Shot Misses the Net.
11:36 of 3rd period - Slapshot by Danny Biega.
11:36 of 3rd period - Stopped by Jordan Binnington without a rebound.
11:37 of 3rd period - Iven Barbashev wins face-off versus Henrik Samuelsson in Wolfpack zone.
11:52 of 3rd period - Snap shot by Will Butcher.
11:52 of 3rd period - Stopped by Jordan Binnington without a rebound.
11:53 of 3rd period - Artem Anisimov wins face-off versus Sam Kurker in Wolfpack zone.
11:53 of 3rd period - Artem Anisimov is hit by Nick Schmaltz.
12:09 of 3rd period - Slapshot by Will Butcher.
12:09 of 3rd period - Shot Blocked by Steven Santini.
12:43 of 3rd period - Snap shot by Phillip Danault.
12:43 of 3rd period - Goal by Phillip Danault - Penguins : 4 - Wolfpack : 4.
12:44 of 3rd period - Richard Panik wins face-off versus Iven Barbashev in neutral zone.
12:47 of 3rd period - Iven Barbashev is hit by Dave Dziurzynski and loses puck.
13:27 of 3rd period - Slapshot by Dave Dziurzynski.
13:27 of 3rd period - Shot Blocked by Scott Mayfield.
13:40 of 3rd period - Wrist shot by Richard Panik.
13:40 of 3rd period - Stopped by Jason Missiaen without a rebound.
13:41 of 3rd period - Iven Barbashev wins face-off versus Henrik Samuelsson in Penguins zone.
13:54 of 3rd period - Wrist shot by Craig Smith.
13:54 of 3rd period - Stopped by Jordan Binnington without a rebound.
13:55 of 3rd period - Seth Griffith wins face-off versus Iven Barbashev in Wolfpack zone.
13:55 of 3rd period - Seth Griffith is hit by Iven Barbashev.
14:05 of 3rd period - Wrist shot by Craig Smith.
14:05 of 3rd period - Shot Misses the Net.
14:27 of 3rd period - Wrist shot by Stefan Noesen.
14:27 of 3rd period - Stopped by Jason Missiaen with a rebound.
14:29 of 3rd period - Snap shot by Samuel Blais.
14:29 of 3rd period - Shot Misses the Net.
16:11 of 3rd period - Richard Panik is hit by Anthony Beauvillier and loses puck.
16:24 of 3rd period - Matthew Finn is hit by Seth Griffith and loses puck.
17:22 of 3rd period - Wrist shot by Dakota Mermis.
17:22 of 3rd period - Shot Misses the Net.
17:24 of 3rd period - Snap shot by Matthew Finn.
17:24 of 3rd period - Shot Blocked by Richard Panik.
17:26 of 3rd period - Snap shot by Brett Pollock.
17:26 of 3rd period - Stopped by Jordan Binnington with a rebound.
17:39 of 3rd period - Icing by Sam Kurker.
17:40 of 3rd period - Sam Kurker wins face-off versus Seth Griffith in Penguins zone.
18:05 of 3rd period - Iven Barbashev is hit by Steven Santini.
18:45 of 3rd period - Will Butcher is hit by Samuel Blais and loses puck.
19:02 of 3rd period - Steven Santini is hit by Andy Andreoff and loses puck.
19:37 of 3rd period - Slapshot by Andrew O'Brien.
19:37 of 3rd period - Stopped by Jordan Binnington without a rebound.
19:38 of 3rd period - Phillip Danault wins face-off versus Josh Ho-Sang in Wolfpack zone.
19:51 of 3rd period - Slapshot by Jordan Schmaltz.
19:51 of 3rd period - Shot Misses the Net.
19:53 of 3rd period - Slapshot by Scott Mayfield.
19:53 of 3rd period - Deflect By Phillip Danault.
19:53 of 3rd period - Stopped by Jordan Binnington without a rebound.
19:54 of 3rd period - Artem Anisimov wins face-off versus Craig Smith in Wolfpack zone.
Goals for this period are 0 for Penguins vs 2 for Wolfpack.
Shots for this period are 13 for Penguins vs 16 for Wolfpack.
Overtime #1
0:01 of 1st overtime period - Craig Smith wins face-off versus Richard Panik in neutral zone.
0:04 of 1st overtime period - Snap shot by Will Butcher.
0:04 of 1st overtime period - Goal by Will Butcher - Penguins : 5 - Wolfpack : 4.
Goals for this period are 1 for Penguins vs 0 for Wolfpack.
Shots for this period are 1 for Penguins vs 0 for Wolfpack.